 Dungeon Crawl Stone Soup version 0.21.0 (webtiles) character file.

387 MDvedh the Cudgeler (level 6, 0/37 HPs)
             Began as a Gargoyle Fighter on Jan 5, 2018.
             Was a Follower of Okawaru.
             Slain by an orc warrior
             ... wielding a cursed -3 halberd
              (7 damage)
             ... on level 7 of the Dungeon on Jan 6, 2018.
             The game lasted 00:05:30 (2531 turns).

MDvedh the Cudgeler (Gargoyle Fighter)              Turns: 2531, Time: 00:05:31

Health: 0/37       AC: 12    Str: 27    XL:     6   Next: 78%
Magic:  6/6        EV:  7    Int:  8    God:    Okawaru [*.....]
Gold:   113        SH:  9    Dex:  9    Spells: 5/5 levels left

rFire    . . .     SeeInvis .   o - +1 flail (drain)
rCold    . . .     Gourm    .   c - +0 shield
rNeg     + . .     Faith    .   b - +0 scale mail
rPois    ∞         Spirit   .   (no helmet)
rElec    +         Reflect  .   (no cloak)
rCorr    .         Harm     .   (no gloves)
MR       .....                  x - +0 pair of boots
Stlth    ..........             (no amulet)
HPRegen  0.12/turn              (no ring)
MPRegen  0.10/turn              (no ring)

@: mighty, about to teleport, slowed, very slow
A: negative energy resistance 1, electricity resistance, unbreathing,
petrification resistance, rot immunity, AC +4
a: Heroism, Renounce Religion


You were on level 7 of the Dungeon.
You worshipped Okawaru.
Okawaru was aware of your devotion.
You were not hungry.

You visited 1 branch of the dungeon, and saw 5 of its levels.

You collected 152 gold pieces.
You spent 39 gold pieces at shops.

Inventory:

Hand Weapons
 a - a +0 flail
 o - a +1 flail of draining (weapon)
Missiles
 p - 2 throwing nets (quivered)
Armour
 b - a +0 scale mail (worn)
 c - a +0 shield (worn)
 x - a +0 pair of boots (worn)
Wands
 u - a wand of polymorph (14)
Scrolls
 e - 4 scrolls of identify {unknown}
 g - 3 scrolls of fear {unknown}
 j - 3 scrolls of enchant weapon {unknown}
 l - 3 scrolls of teleportation
 m - 2 scrolls of amnesia {unknown}
 r - a scroll of enchant armour {unknown}
Potions
 h - 2 potions of curing {unknown}
 i - a potion of flight {unknown}
 k - a potion of agility {unknown}
 n - a potion of berserk rage {unknown}
 s - 2 potions of heal wounds {unknown}
 t - a potion of resistance {unknown}
 v - 2 potions of degeneration {unknown}
 w - a potion of cancellation {unknown}
Books
 q - a book of Maledictions

   Spells                             Type                      Level
   a - Corona                         Hexes                        1
   b - Ensorcelled Hibernation        Hexes/Ice                    2
   c - Confuse                        Hexes                        3
   d - Tukima's Dance                 Hexes                        3
   e - Dazzling Spray                 Conjuration/Hexes            3
Comestibles
 f - 5 rations


   Skills:
 - Level 3.2 Fighting
 + Level 7.0 Maces & Flails
 - Level 3.2 Armour
 - Level 3.2 Shields


You had 5 spell levels left.
You didn't know any spells.

Dungeon Overview and Level Annotations

Branches:
Dungeon (4/15)
 Temple: D:4-7

Altars:
Cheibriados
Fedhas
Okawaru

Shops:
D:4 *%[(

Annotations:
D:3 Dirian's ghost, amateur MiFi
D:4 2 transporters, Eustachio


Innate Abilities, Weirdness & Mutations

You are resistant to torment.
Your stone body is resilient. (AC +4)
You are immune to poison.
You resist negative energy. (rN+)
You are resistant to electric shocks. (rElec)
You can survive without breathing.
You are immune to petrification.
You are immune to rotting.


Message History

Found an escape hatch in the ceiling.
Okay, then.
As you read the scroll of teleportation, it crumbles to dust.
You feel strangely unstable. The hound bites you but does no damage.
The orc hits you but does no damage.
The orc warrior hits you but does no damage.
You block the hound's attack. You block the orc's attack.
The orc wizard gestures wildly while chanting.
The orc wizard blinks!
The orc hits you but does no damage.
The orc warrior hits you with a short sword.
* * * LOW HITPOINT WARNING * * *
Unknown command.
The hound bites you but does no damage. The orc hits you but does no damage.
The orc warrior barely misses you. The hound bites you.
* * * LOW HITPOINT WARNING * * *
Found a ration.
Unknown command.
The hound pauses to sniff the ground.
The orc warrior hits you from afar with a halberd!
You die...

#.......#
#.......#
#.......#
#..<..^.#
####.......#
######.#
#..........#
#......#
#..........#######
#.######
#......@oo..o.....
#.##.#
#.......h.........
#....#
+.....o.o......[.
####.#
#......##on...###
####.## #%.....
#o....# #.....#
#...... #.)...#
#.##### #......
#.....# # #......
#......... ....
#.........


You could see 2 orc warriors, a necrophage, a hound, an orc priest, an orc
wizard and 3 orcs.

Vanquished Creatures
  2 hounds (D:4)
  An orc priest (D:7)
  2 orc wizards (D:4)
  A bullfrog skeleton (D:7)
  2 worker ants
  A worker ant zombie (D:3)
  3 adders
  6 gnolls (D:3)
  An ooze (D:3)
  2 dart slugs
  2 leopard geckos
  7 orcs
  3 bats
  3 giant cockroaches
  6 goblins
  3 hobgoblins
  4 jackals
  5 kobolds
  A ball python (D:2)
  4 frilled lizards
  A quokka skeleton (D:4)
  3 rats
63 creatures vanquished.

Notes
Turn   | Place    | Note
-------+----------+-------------------------------------------
     0 | D:1      | MDvedh the Gargoyle Fighter began the quest for the Orb.
     0 | D:1      | Reached XP level 1. HP: 14/14 MP: 1/1
    73 | D:1      | Reached XP level 2. HP: 19/19 MP: 2/2
   412 | D:2      | Reached skill level 3 in Maces & Flails
   460 | D:2      | Reached XP level 3. HP: 20/23 MP: 3/3
   639 | D:2      | Found a blossoming altar of Fedhas.
   823 | D:2      | Reached skill level 4 in Maces & Flails
   823 | D:2      | Reached XP level 4. HP: 21/28 MP: 4/4
  1236 | D:3      | Found an iron altar of Okawaru.
  1248 | D:3      | Became a worshipper of Warmaster Okawaru
  1551 | D:3      | Reached skill level 5 in Maces & Flails
  1552 | D:3      | Reached XP level 5. HP: 32/32 MP: 5/5
  1668 | D:3      | Noticed Dirian's ghost (amateur MiFi)
  2006 | D:4      | Found a snail-covered altar of Cheibriados.
  2050 | D:4      | Found a transporter.
  2057 | D:4      | Found a transporter.
  2090 | D:4      | Found Qyedun's General Store.
  2092 | D:4      | Found Iwux Neeg's Food Shoppe.
  2094 | D:4      | Found Caujeg's Weapon Shoppe.
  2096 | D:4      | Found Keusei's Armour Shoppe.
  2099 | D:4      | Bought a scroll of teleportation for 39 gold pieces
  2210 | D:4      | Reached skill level 6 in Maces & Flails
  2210 | D:4      | Reached XP level 6. HP: 37/37 MP: 6/6
  2473 | D:4      | Noticed Eustachio
  2496 | D:4      | You fall through a shaft for 3 floors!
  2504 | D:7      | Reached * piety under Okawaru
  2518 | D:7      | Noticed an orc warrior
  2521 | D:7      | Noticed a necrophage
  2521 | D:7      | Reached skill level 7 in Maces & Flails
  2528 | D:7      | Noticed an orc warrior
  2531 | D:7      | Slain by an orc warrior

Skill      XL: |  1  2  3  4  5  6 |
---------------+-------------------+-----
Maces & Flails | 3 4 5 6 7 |  7.0
Fighting       | |  3.2
Armour         | |  3.2
Shields        | |  3.2

Action                   |  1- 3 |  4- 6 || total
-------------------------+-------+-------++-------
Melee: Flail             |    75 |   169 ||   244
  Use: Scroll            |       |     2 ||     2
       Potion            |       |     1 ||     1
  Eat: Chunk             |       |     2 ||     2
       Ration            |       |     1 ||     1
Armor: Scale mail        |    39 |   101 ||   140
Dodge: Dodged            |    18 |    55 ||    73
Block: Shield            |    38 |    89 ||   127
